 Dungeon Crawl Stone Soup version 0.24-a0-217-g1152973 (webtiles) character file.

Game seed: 10669306762618520375

4094 Gunnerkreig the Conjurer (level 10, -5/68 HPs)
             Began as an Octopode Wizard on Mar 29, 2019.
             Was a Follower of Vehumet.
             Slain by a two-headed ogre
             ... wielding a +0 giant club
              (24 damage)
             ... on level 7 of the Dungeon on Mar 30, 2019.
             The game lasted 00:30:29 (9569 turns).

Gunnerkreig the Conjurer (Octopode Wizard)          Turns: 9569, Time: 00:30:32

Health: -5/68      AC:  3    Str: 10    XL:     10   Next: 26%
Magic:  13/18      EV: 17    Int: 23    God:    Vehumet [*.....]
Gold:   337        SH:  5    Dex: 16    Spells: 11/20 levels left

rFire    . . .     SeeInvis .   x - +3 falchion of Autumn {holy, +Blink Str+2}
rCold    . . .     Gourm    .   r - +0 buckler
rNeg     . . .     Faith    .   a - +2 hat
rPois    .         Spirit   .   (no amulet)
rElec    .         Reflect  .   z - +6 ring of dexterity
rCorr    .         Harm     .   (no ring)
MR       .....                  (no ring)
Stlth    ++++......             (no ring)
HPRegen  0.21/turn              (no ring)
MPRegen  0.16/turn              (no ring)
                                (no ring)
                                (no ring)

@: no status effects
A: almost no armour, stealthy swim, amphibious, 8 rings, constrict 8, camouflage
1, gelatinous body 1
a: Renounce Religion, Evoke Blink


You were on level 7 of the Dungeon.
You worshipped Vehumet.
Vehumet was aware of your devotion.
You were not hungry.

You visited 2 branches of the dungeon, and saw 8 of its levels.
You also visited: Sewer and Ossuary.

You collected 337 gold pieces.

Inventory:

Hand Weapons
 h - a +4 whip
 x - the +3 falchion of Autumn (weapon) {holy, +Blink Str+2}
   (You found it on level 6 of the Dungeon)

   It has been blessed by the Shining One to cause great damage to the undead
   and demons.
   It affects your strength (+2).
   It lets you blink.
Missiles
 d - 252 stones (quivered)
 k - 48 sling bullets
 n - a throwing net
Armour
 a - a +2 hat (worn)
 r - a +0 buckler (worn)
Jewellery
 z - a +6 ring of dexterity (left tentacle)
Scrolls
 b - 2 scrolls of teleportation
 e - 2 scrolls of fog
 f - 3 scrolls of blinking
 g - 3 scrolls of amnesia
 i - 4 scrolls of remove curse
 s - 5 scrolls of identify
 w - a scroll of silence
 y - a scroll of magic mapping
Potions
 j - a potion of agility
 l - 6 potions of curing
 m - 3 potions of flight
 o - 2 potions of brilliance
 p - 3 potions of heal wounds
 t - a potion of ambrosia
 u - a potion of resistance
 v - a potion of cancellation
Comestibles
 c - 8 rations
 q - 2 chunks of flesh


   Skills:
 + Level 6.0 Fighting
 + Level 5.7 Dodging
 - Level 6.0 Stealth
 + Level 3.9 Shields
 + Level 5.7 Spellcasting
 + Level 7.3 Conjurations
   Level 1.0 Summonings
 - Level 2.0 Translocations
 - Level 3.1 Fire Magic
 - Level 3.0 Air Magic
 - Level 2.1 Poison Magic


You had 11 spell levels left.
You knew the following spells:

 Your Spells              Type           Power        Failure   Level  Hunger
a - Magic Dart            Conj           ####         1%          1    None
b - Conjure Flame         Conj/Fire      ####....     3%          3    #......
c - Mephitic Cloud        Conj/Pois/Air  ####....     4%          3    #......
y - Blink                 Tloc           N/A          6%          2    None

Your spell library contained the following spells:

 Spells                   Type           Power        Failure   Level  Hunger
 Sting                    Conj/Pois      ####         1%          1    None
 Confusing Touch          Hex            #.....       9%          1    None
 Call Imp                 Summ           ##......     9%          2    None
 Gell's Gravitas          Tloc           ###.......   12%         3    #......
 Slow                     Hex            #.......     13%         2    None
 Confuse                  Hex            #.......     26%         3    #......
 Petrify                  Tmut/Erth      #.......     65%         4    ###....
 Metabolic Englaciation   Hex/Ice        #.........   94%         5    #####..
 Yara's Violent Unravell  Hex/Tmut       #.........   94%         5    #####..


Dungeon Overview and Level Annotations

Branches:
Dungeon (7/15)             Temple (1/1) D:5

Altars:
Ashenzari
Cheibriados
Elyvilon
Fedhas
Gozag
Hepliaklqana
Kikubaaqudgha
Makhleb
Okawaru
Qazlal
Sif Muna
Trog
Vehumet
Wu Jian
Xom
Yredelemnul
The Shining One

Shops:
D:6 %

Annotations:
D:1 fly


Innate Abilities, Weirdness & Mutations

You cannot wear most types of armour.
You are very stealthy in the water. (Stealth+)
You are amphibious.
You can wear up to eight rings at the same time.
You can use your tentacles to constrict eight enemies at once.
Your skin changes colour to match your surroundings (Stealth+).
Your rubbery body absorbs attacks. (AC +1, EV +1)


Message History

Press: ? - help, Shift-Dir - straight line, f/p - two-headed ogre
Aim: a two-headed ogre, wielding two +0 giant clubs (lightly wounded)
You throw a stone. The stone hits the two-headed ogre.
The two-headed ogre is lightly wounded.
Casting: Conjure Flame (safe; 3% risk of failure)
Confirm with . or Enter, or press ? or * to list all spells.
Aiming: Mephitic Cloud (safe; 4% risk of failure)
Press: ? - help, Shift-Dir - straight line, f/p - two-headed ogre
Aim: a two-headed ogre, wielding two +0 giant clubs (lightly wounded)
The ball explodes into a vile cloud!
The stinking cloud engulfs the two-headed ogre but does no damage.
The two-headed ogre is lightly wounded.
The two-headed ogre is engulfed in noxious fumes.
You hit the two-headed ogre.
The two-headed ogre is lightly wounded.
The two-headed ogre is engulfed in blazing flames.
The two-headed ogre hits you with a +0 giant club!!
* * * LOW HITPOINT WARNING * * *
The two-headed ogre hits you with a +0 giant club!!
You die...

..#.............
..............#
............#
#e.[......#
#.)..(..#
###...(.#
##.....###
##).#..##
##@#####.#
####O## #.#
#.#○## #.# #.#(#
.# #.(## . #(#.#
#.#.# ##### #)##.
#####...####..##.


You could see a two-headed ogre.

Vanquished Creatures
  Pikel (D:6)
  2 hippogriffs (D:7)
  Sigmund (D:3)
  A hungry ghost (D:7)
  Edmund (D:4)
  Duvessa (D:7)
  4 slaves (D:6)
  2 ogres
  An ice beast (D:6)
  A centaur (D:6)
  Blork the orc (D:6)
  8 big kobolds (Sewer)
  4 bullfrogs
  3 water moccasin zombies (Ossuary)
  2 scorpions
  Dowan (D:7)
  4 wights (D:6)
  A howler monkey (D:6)
  2 crimson imps (D:6)
  Crazy Yiuf (D:6)
  3 orc priests (D:5)
  2 hounds
  2 jellies
  5 orc wizards (D:5)
  5 iguanas
  4 worker ants
  2 big kobold zombies (Ossuary)
  A hound zombie (D:5)
  A hound skeleton (D:4)
  3 mummies
  A howler monkey zombie (D:6)
  A worker ant zombie (D:5)
  3 gnolls (D:2)
  10 adders
  A river rat (Sewer)
  A shadow imp (D:5)
  6 oozes (Sewer)
  An adder zombie (Ossuary)
  7 worms
  3 dart slugs
  5 leopard geckos
  9 orcs
  7 bats
  4 giant cockroaches
  8 goblins
  8 hobgoblins
  2 jackals (D:6)
  12 kobolds
  3 quokkas
  2 ball pythons (Sewer)
  A ball python skeleton (D:4)
  7 frilled lizards
  A gnoll zombie (Ossuary)
  3 hobgoblin zombies (Ossuary)
  5 kobold zombies (Ossuary)
  5 orc zombies (Ossuary)
  2 quokka skeletons
  15 rats
  A fungus (D:6)
204 creatures vanquished.

Notes
Turn   | Place    | Note
-------+----------+-------------------------------------------
     0 | D:1      | Gunnerkreig the Octopode Wizard began the quest for the
                  | Orb.
     0 | D:1      | Reached XP level 1. HP: 11/11 MP: 4/4
   190 | D:1      | Reached XP level 2. HP: 14/17 MP: 0/6
   340 | D:1      | Reached skill level 2 in Conjurations
   800 | D:1      | Reached XP level 3. HP: 14/21 MP: 1/7
  1150 | D:2      | Found a hazy altar of Hepliaklqana.
  1341 | D:2      | Found a shimmering altar of Xom.
  1344 | D:2      | Found a burning altar of Makhleb.
  1808 | D:2      | Reached skill level 3 in Conjurations
  1975 | D:2      | Reached XP level 4. HP: 27/27 MP: 4/8
  2014 | D:2      | Learned a level 3 spell: Conjure Flame
  2018 | D:2      | Learned a level 3 spell: Mephitic Cloud
  2021 | D:2      | Learned a level 2 spell: Blink
  2562 | D:3      | Noticed Sigmund
  2737 | D:3      | Reached XP level 5. HP: 12/31 MP: 5/9
  2992 | D:3      | Killed Sigmund
  2992 | D:3      | Reached skill level 5 in Stealth
  2992 | D:3      | Reached skill level 4 in Conjurations
  2992 | D:3      | Reached XP level 6. HP: 11/36 MP: 2/10
  3369 | D:3      | Reached skill level 5 in Conjurations
  3681 | D:4      | Found a glowing drain.
  3690 | Sewer    | Entered a sewer
  3820 | Sewer    | Reached skill level 1 in Fighting
  3820 | Sewer    | Reached skill level 1 in Fire Magic
  3820 | Sewer    | Reached skill level 1 in Air Magic
  3820 | Sewer    | Reached skill level 1 in Poison Magic
  3975 | Sewer    | Reached XP level 7. HP: 43/43 MP: 4/11
  4493 | Sewer    | Reached XP level 8. HP: 41/51 MP: 7/12
  5823 | D:4      | Noticed a moth of wrath
  5825 | D:4      | Noticed Edmund
  5858 | D:4      | Killed Edmund
  5960 | D:4      | Found a bloodstained altar of Trog.
  6067 | D:5      | Entered Level 5 of the Dungeon
  6321 | D:5      | Found a sand-covered staircase.
  6327 | Ossuary  | Entered an ossuary
  6429 | Ossuary  | Reached skill level 6 in Conjurations
  6429 | Ossuary  | Reached XP level 9. HP: 47/59 MP: 7/15
  6803 | D:5      | Reached skill level 1 in Shields
  6995 | D:5      | Found a staircase to the Ecumenical Temple.
  7117 | Temple   | Entered the Ecumenical Temple
  7334 | Temple   | Became a worshipper of Vehumet
  7392 | D:6      | Found a runed translucent door.
  7393 | D:6      | Noticed Crazy Yiuf
  7402 | D:6      | Killed Crazy Yiuf
  7501 | D:6      | Noticed Pikel
  7531 | D:6      | Killed Pikel
  7531 | D:6      | Reached skill level 5 in Fighting
  7748 | D:6      | Found a stormy altar of Qazlal.
  7859 | D:6      | Reached skill level 5 in Spellcasting
  7893 | D:6      | Found Joschaw's Food Shop.
  7905 | D:6      | Got a slimy falchion
  7910 | D:6      | Identified the +3 falchion of Autumn {holy, +Blink Str+2}
                  | (You found it on level 6 of the Dungeon)
  7989 | D:6      | Reached skill level 5 in Dodging
  8221 | D:6      | Noticed Blork the orc
  8228 | D:6      | Killed Blork the orc
  8408 | D:6      | Reached skill level 7 in Conjurations
  8481 | D:6      | Reached XP level 10. HP: 8/68 MP: 14/18
  9408 | D:7      | Noticed Duvessa
  9410 | D:7      | Noticed Dowan
  9423 | D:7      | Killed Dowan
  9436 | D:7      | Killed Duvessa
  9436 | D:7      | Reached * piety under Vehumet
  9436 | D:7      | Offered knowledge of Sting by Vehumet.
  9563 | D:7      | Noticed a two-headed ogre
  9569 | D:7      | Slain by a two-headed ogre

Levels and vault maps discovered:
D:1:      dpeg_arrival_morbid_curiosity, layout_basic,
          ebering_dispersal_statue_hall
D:2:      layout_loops_corners, grunt_temple_overflow_open,
          lemuel_crystal_altar, first_ration
D:3:      layout_rooms, fountainhead, uniq_sigmund
D:4:      layout_loops_ring, portal_sewer_entry_d, tgw_trog, uniq_edmund
D:5:      layout_basic, temple_statues, gup_ossuary_entry_pyramid,
          hangedman_abyss_or_decor_lesser_grid
D:6:      layout_loops_ring, grunt_qazlal_sundering, serial_shops,
          nicolae_shop_window_shopping, kb_lookout_dungeons_type,
          uniq_blork_the_orc, uniq_crazy_yiuf_cottage, uniq_pikel
D:7:      minmay_the_grid_octo_triangle [minmay_the_grid_octo_empty,
          minmay_the_grid_octo_prize_big_c, minmay_the_grid_octo_fat_diamond],
          layout_layer_cave, kennysheep_little_box, the_bakery,
          nicolae_underground_beach, uniq_duvessa
Temple:   oiseaux_autumnal_temple
Sewer:    sewer_co_tree
Ossuary:  ossuary_tomb_2

Skill      XL: |  1  2  3  4  5  6  7  8  9 10 |
---------------+-------------------------------+-----
Stealth        | 3 4 5 6 |  6.0
Conjurations   | 2 3 4 5 6 7 |  7.3
Fighting       | 1 2 4 5 6 |  6.0
Fire Magic     | 1 2 3 |  3.1
Air Magic      | 1 3 |  3.0
Poison Magic   | 1 2 |  2.1
Translocations | 2 |  2.0
Dodging        | 3 5 |  5.7
Spellcasting   | 4 5 |  5.7
Shields        | 3 |  3.9
Summonings     | |  1.0

Action                   |  1- 3 |  4- 6 |  7- 9 | 10-12 || total
-------------------------+-------+-------+-------+-------++-------
Melee: Constrict         |    11 |     5 |    59 |     5 ||    80
       Unarmed           |     5 |       |       |       ||     5
       Whip              |    28 |    32 |    87 |       ||   147
       Tentacles         |     1 |     5 |    41 |     8 ||    55
       Dire flail        |       |       |   140 |       ||   140
       Falchion          |       |       |    23 |    31 ||    54
Throw: Stone             |     4 |     7 |    23 |     7 ||    41
 Cast: Magic Dart        |    45 |    79 |   174 |    34 ||   332
       Mephitic Cloud    |       |     2 |    14 |     3 ||    19
       Conjure Flame     |       |     2 |    15 |     3 ||    20
  Use: Scroll            |     4 |     7 |     9 |     3 ||    23
       Potion            |       |     1 |       |       ||     1
 Stab: Sleeping          |     4 |       |     8 |       ||    12
       Confused          |       |       |     1 |     1 ||     2
  Eat: Chunk             |     2 |     7 |    17 |     4 ||    30
Armor: Skin              |     2 |     2 |    54 |     4 ||    62
Dodge: Dodged            |    35 |    25 |   139 |    25 ||   224
Block: Buckler           |       |       |     2 |     5 ||     7
       Rpst.: Falchion   |       |       |     7 |     5 ||    12

Table legend:
 A = Non-vault XP
 B = Vault XP
 C = Vault XP percentage of total XP
 D = Non-vault monster count
 E = Vault monster count
 F = Vault count percentage of total count
                 A         B        C        D         E       F
            +---------+---------+-------+---------+---------+-------
      Total |    3068 |    2781 |  47.5 |     128 |      71 |  35.7
            +---------+---------+-------+---------+---------+-------
        D:1 |      25 |       9 |  26.5 |      14 |       5 |  26.3
        D:2 |     103 |       0 |   0.0 |      24 |       0 |   0.0
        D:3 |     123 |     212 |  63.3 |      21 |       1 |   4.5
        D:4 |     305 |     192 |  38.6 |      13 |       7 |  35.0
        D:5 |     551 |      18 |   3.2 |      26 |       1 |   3.7
        D:6 |    1126 |     876 |  43.8 |      22 |       4 |  15.4
        D:7 |     835 |     251 |  23.1 |       8 |       3 |  27.3
      Sewer |       0 |     875 | 100.0 |       0 |      28 | 100.0
    Ossuary |       0 |     348 | 100.0 |       0 |      22 | 100.0
            +---------+---------+-------+---------+---------+-------
